 Dungeon Crawl Stone Soup version 0.31-a0-466-g98c9adc2b6 (webtiles) character file.

Game seed: 13088411749416909653

494 HallandMoats the Unbeliever (level 6, -3/51 HPs)
             Began as a Demonspawn Monk on Aug 6, 2023.
             Slain by Menkaure (12 damage)
             ... on level 4 of the Dungeon.
             The game lasted 00:04:53 (3004 turns).

HallandMoats the Unbeliever (Demonspawn Monk)       Turns: 3004, Time: 00:04:54

Health: -3/51      AC:  9    Str: 14    XL:     6   Next: 92%
Magic:  9/9        EV: 11    Int: 11    God:
Gold:   121        SH:  0    Dex: 15    Spells: 5/5 levels left

rFire   . . .        b - +2 dagger (venom)
rCold   . . .        d - orb {light}
rNeg    . . .        l - +0 ring mail
rPois   +            (no helmet)
rElec   .            t - +2 cloak {rPois}
rCorr   +            f - +0 pair of gloves
SInv    .            (no boots)
Will    .....        (no amulet)
Stlth   +            o - ring of resist corrosion
HPRegen 0.28/turn    (no ring)
MPRegen 0.11/turn

%: no passive effects
@: glowing
A: weakness stinger 1
a: no special abilities


You were on level 4 of the Dungeon.
You visited 1 branch of the dungeon, and saw 4 of its levels.

You collected 121 gold pieces.

Inventory:

Hand Weapons
 a - a +0 hand axe
 b - a +2 dagger of venom (weapon)
Armour
 d - an orb of light (worn)
 f - a +0 pair of gloves (worn)
 l - a +0 ring mail (worn)
 t - a +2 cloak of poison resistance (worn)
Jewellery
 o - a ring of resist corrosion (left hand)
Scrolls
 g - 2 scrolls of teleportation {unknown}
 h - a scroll of amnesia {unknown}
 i - a scroll of enchant weapon {unknown}
 j - a scroll of revelation {unknown}
 n - a scroll of poison {unknown}
 p - 2 scrolls of enchant armour {unknown}
 r - 2 scrolls of immolation {unknown}
 s - a scroll of identify {unknown}
 u - a scroll of noise {unknown}
Potions
 c - a potion of ambrosia
 e - a potion of degeneration {unknown}
 k - a potion of curing {unknown}
 m - a potion of magic {unknown}
 q - a potion of brilliance {unknown}
 v - a potion of enlightenment {unknown}


   Skills:
 + Level 5.1 Fighting
 + Level 4.6 Axes
 - Level 2.6 Dodging
 + Level 5.3 Invocations


You had 5 spell levels left.
You didn't know any spells.
Your spell library contained the following spells:

 Spells                   Type           Power      Damage    Failure   Level
 Blink                    Tloc           0%         N/A       73%         2
 Lesser Beckoning         Tloc           0%         N/A       73%         2
 Gell's Gravitas          Tloc           0%         N/A       91%         3
 Teleport Other           Tloc           0%         N/A       91%         3
 Manifold Assault         Tloc           0%         N/A       100%        4


Dungeon Overview and Level Annotations

Branches:
Dungeon (4/15)
 Temple: D:4-7

Altars:

Shops:
D:1 [

Annotations:
D:4 Menkaure


Innate Abilities, Weirdness & Mutations

You have a small tail.


Message History

Pain shoots through your body!
* * * LOW HITPOINT WARNING * * *
The jackal bites you but does no damage.
You hit Menkaure.
Menkaure is lightly damaged.
The jackal bites you.
* * * LOW HITPOINT WARNING * * *
Menkaure closely misses you.
You hit Menkaure.
Menkaure is moderately damaged.
The jackal closely misses you.
Menkaure gestures wildly while chanting.
Menkaure seems to speed up.
The jackal bites you but does no damage.
You hit Menkaure but do no damage.
You tail-slap Menkaure, but do no damage.
Menkaure is moderately damaged.
The jackal closely misses you. Menkaure hits you but does no damage.
You hit Menkaure but do no damage.
Menkaure is moderately damaged.
The jackal bites you but does no damage.
Menkaure murmurs a few words.
Menkaure closely misses you. The jackal bites you.
* * * LOW HITPOINT WARNING * * *
You hit Menkaure but do no damage. You tail-slap Menkaure.
Menkaure is moderately damaged.
Menkaure points at you and mumbles some strange words.
You barely resist. The jackal closely misses you. Menkaure misses you.
You hit Menkaure. You tail-slap Menkaure.
Menkaure is heavily damaged.
The jackal closely misses you. Menkaure hits you but does no damage.
You hit Menkaure but do no damage. You tail-slap Menkaure.
Menkaure is heavily damaged.
The jackal barely misses you. Menkaure hits you.
* * * LOW HITPOINT WARNING * * *
The jackal bites you but does no damage.
You hit Menkaure.
Menkaure is severely damaged.
Menkaure hits you!
You die...

#..........#
#..........#
#........./#
#(.........#
#.!........##
#............
#....M†.......
#.@####....
#>h........
###..####.###
#...†##.#....
#.#..)...(...
#.#.#####....
#.......#.. .
###.###.#.#
##.###.#.#


You could see Menkaure (fast) and a jackal.

Vanquished Creatures
  Sigmund (D:3)
  An ogre (D:4)
  Crazy Yiuf (D:3)
  An orc priest (D:3)
  Jessica (D:2)
  Natasha (twice) (D:4)
  An orc wizard (D:3)
  2 adders (D:3)
  4 dart slugs
  4 orcs (D:3)
  9 bats
  3 endoplasms
  4 giant cockroaches
  5 goblins
  7 hobgoblins
  8 jackals
  2 quokkas
  4 ball pythons
  3 frilled lizards
  4 kobolds (D:1)
  6 rats
73 creatures vanquished.

Notes
Turn   | Place    | Note
-------+----------+-------------------------------------------
     0 | D:1      | HallandMoats the Demonspawn Monk began the quest for the
                  | Orb.
     0 | D:1      | Reached XP level 1. HP: 18/18 MP: 1/1
    63 | D:1      | Reached skill level 1 in Invocations
   135 | D:1      | Gained mutation: You have a small tail. [demonic ancestry]
   135 | D:1      | Reached XP level 2. HP: 23/24 MP: 2/2
   208 | D:1      | Found Yliuz's Antique Armour Emporium.
   767 | D:1      | Reached XP level 3. HP: 29/29 MP: 4/4
   778 | D:1      | Found a faded altar of an unknown god.
  1345 | D:2      | Identified the +5 rapier "Ebuar" {venom, *Corrode rC++
                  | Stlth+}
  1448 | D:2      | Noticed Jessica
  1451 | D:2      | Killed Jessica
  1452 | D:2      | Reached XP level 4. HP: 36/37 MP: 4/6
  1983 | D:3      | Reached XP level 5. HP: 17/42 MP: 7/7
  2350 | D:3      | Noticed Sigmund
  2368 | D:3      | Killed Sigmund
  2369 | D:3      | Reached XP level 6. HP: 37/49 MP: 7/9
  2608 | D:3      | Found a runed translucent door.
  2609 | D:3      | Noticed Crazy Yiuf
  2625 | D:3      | Killed Crazy Yiuf
  2828 | D:4      | Noticed Natasha
  2849 | D:4      | Killed Natasha
  2955 | D:4      | Reached skill level 5 in Fighting
  2955 | D:4      | Reached skill level 5 in Invocations
  2956 | D:4      | Noticed Natasha
  2968 | D:4      | Killed Natasha
  2985 | D:4      | Noticed Menkaure
  3004 | D:4      | Slain by Menkaure

Illustrated notes

Levels and vault maps discovered:
D:1:      dpeg_arrival_windows_large_door, layout_loops_corners,
          shapermc_ecumenical_altar_totnotflames, serial_shops, shop
D:2:      layout_basic, uniq_jessica
D:3:      layout_basic, dk_noncrumbling_3, dreamdust_princess_corridor,
          minivault_26, uniq_sigmund, uniq_crazy_yiuf_cottage
D:4:      layout_basic, uniq_menkaure, uniq_natasha

Skill      XL: |  1  2  3  4  5  6 |
---------------+-------------------+-----
Invocations    | 1 2 3 4 5 |  5.3
Axes           | 3 4 |  4.6
Fighting       | 4 5 |  5.1
Dodging        | |  2.6

Action                     |  1- 3 |  4- 6 || total
---------------------------+-------+-------++-------
  Melee: Hand axe          |    77 |       ||    77
         Tailslap          |    17 |    20 ||    37
         Dagger            |    22 |   123 ||   145
    Use: Potion            |       |     1 ||     1
 Armour: Robe              |    27 |       ||    27
         Ring mail         |     2 |    49 ||    51
  Dodge: Dodged            |    72 |    87 ||   159

Table legend: (Time is in decaauts)
 A = Elapsed time spent in this place.
 B = Non-inter-level travel time spent in this place.
 C = Inter-level travel time spent in this place.
 D = Time resting spent in this place.
 E = Time spent auto-exploring this place.
 F = Levels seen in this place.
 G = Mean time per level.
                   A        B        C        D        E       F      G
               +--------+--------+--------+--------+--------+-----+--------+
         Total |   3030 |   2929 |    101 |    629 |   1634 |   4 |  757.5 |
       Dungeon |   3030 |   2929 |    101 |    629 |   1634 |   4 |  757.5 |
               +--------+--------+--------+--------+--------+-----+--------+

Top non-repeatable levels by time:
     D:1: 1112 daAuts
     D:3: 966 daAuts
     D:2: 742 daAuts
     D:4: 208 daAuts
